 Dungeon Crawl Stone Soup version 0.25.0-37-gb73750e0fb (webtiles) character file.

Game seed: 16437660288877324037

7418 funkygono the Thaumaturge (level 10, -8/77 HPs)
             Began as a Pale Draconian Conjurer on July 9, 2020.
             Was an Initiate of Vehumet.
             Mangled by a cyan ugly thing (15 damage)
             ... on level 10 of the Dungeon on July 10, 2020.
             The game lasted 00:37:10 (12202 turns).

funkygono the Thaumaturge (DrCj)                   Turns: 12202, Time: 00:37:12

Health: -8/77      AC: 11    Str: 19    XL:     10   Next: 93%
Magic:  24/33      EV: 15    Int: 24    God:    Vehumet [......]
Gold:   1014       SH: 12    Dex: 20    Spells: 20/29 levels left

rFire    + + .     SeeInvis .   s - +4 dagger (venom)
rCold    . . .     Gourm    .   g - +3 warlock's mirror {reflect}
rNeg     + . .     Faith    .   (armour unavailable)
rPois    .         Spirit   .   (helmet restricted)
rElec    .         Reflect  +   (no cloak)
rCorr    .         Harm     .   o - +1 pair of gloves
MR       .....                  K - +1 pair of boots {run}
Stlth    +++.......             W - amulet "Cehocwui" {Reflect Str+4 Dex+7 SH+5}
HPRegen  0.22/turn              T - ring of Leur {*Corrode rN+ MP+9 Int+6}
MPRegen  0.23/turn              S - ring "Zosonel" {+Fly rF++ Str+5}

@: studying Spellcasting, quick
A: breathe steam, unfitting armour, cold-blooded, AC +7
a: Breathe Steam, Renounce Religion, Evoke Flight


You were on level 10 of the Dungeon.
You worshipped Vehumet.
Vehumet was noncommittal.
You were hungry.

You visited 2 branches of the dungeon, and saw 11 of its levels.
You also visited: Trove, Ossuary and Bailey.

You collected 1014 gold pieces.

Inventory:

Hand Weapons
 s - a +4 dagger of venom (weapon)
 u - a +3 dagger of speed
 C - a +1 dagger of holy wrath
Missiles
 c - 245 stones (quivered)
Armour
 g - the +3 warlock's mirror (worn) {reflect}
   (You acquired it on level 8 of the Dungeon)
 o - a +1 pair of gloves (worn)
 K - a +1 pair of boots of running (worn)
Jewellery
 a - an uncursed ring of ice
 e - an uncursed ring of poison resistance
 f - a +4 ring of evasion
 p - an uncursed amulet of regeneration
 y - an uncursed ring of protection from cold
 F - an uncursed ring of wizardry
 G - an uncursed ring of positive energy
 H - an uncursed amulet of faith
 L - an uncursed amulet of magic regeneration
 M - an uncursed amulet of the acrobat
 P - a +6 ring of strength
 R - the amulet of Hisawn {Acrobat rF+}
   (You found it in a treasure trove)

   [amulet of the acrobat]

   It helps you evade while moving and waiting.
   It protects you from fire.
 S - the ring "Zosonel" (right hand) {+Fly rF++ Str+5}
   (You found it in a treasure trove)

   [ring of flight]

   It affects your strength (+5).
   It greatly protects you from fire.
   It lets you fly.
 T - the ring of Leur (left hand) {*Corrode rN+ MP+9 Int+6}
   (You found it in a treasure trove)

   [ring of magical power]

   It affects your intelligence (+6).
   It protects you from negative energy.
   It affects your magic capacity (+9).
   It may corrode you when you take damage.
 U - the ring "Guwamor" {rF+ rN+ MR+ Str-3 Stlth+}
   (You found it in a treasure trove)

   [ring of stealth]

   It affects your strength (-3).
   It protects you from fire.
   It protects you from negative energy.
   It affects your resistance to hostile enchantments.
   It makes you more stealthy.
 W - the amulet "Cehocwui" (around neck) {Reflect Str+4 Dex+7 SH+5}
   (You found it in a treasure trove)

   [amulet of reflection]

   It shields you and reflects attacks.
   It affects your strength (+4).
   It affects your dexterity (+7).
   It affects your SH (+5).
 X - the ring of Fahaureo {rCorr Dex+4}
   (You found it in a treasure trove)

   [ring of resist corrosion]

   It affects your dexterity (+4).
   It provides partial protection from all sources of acid and corrosion.
 Y - an uncursed ring of resist corrosion
 Z - the macabre finger necklace {rN+}
   (You found it in a treasure trove)

   [amulet of nothing]

   It protects you from negative energy.
Wands
 k - a wand of polymorph (11)
 l - a wand of iceblast (6)
 m - a wand of random effects (13)
 I - a wand of flame (33)
 N - a wand of clouds (4)
Scrolls
 d - 8 scrolls of teleportation
 i - 8 scrolls of remove curse
 v - 3 scrolls of fog
 w - 2 scrolls of blinking
 E - 2 scrolls of amnesia
Potions
 h - a potion of invisibility {unknown}
 j - 3 potions of might
 n - 2 potions of heal wounds
 r - 5 potions of curing
 t - 2 potions of haste
 x - 3 potions of brilliance
 z - 2 potions of stabbing
 A - 4 potions of lignification
 B - 3 potions of flight
 D - 2 potions of ambrosia
 Q - a potion of berserk rage {unknown}
Books
 J - a manual of Spellcasting
Comestibles
 b - 13 rations


   Skills:
 + Level 3.5 Fighting
 + Level 4.8 Short Blades
 + Level 5.6 Dodging
 + Level 3.8 Stealth
 + Level 10.2 Spellcasting
 + Level 10.1 Conjurations
 + Level 5.1 Fire Magic
 + Level 0.5 Earth Magic


You had 20 spell levels left.
You knew the following spells:

 Your Spells              Type           Power        Failure   Level  Hunger
a - Magic Dart            Conj           ####         1%          1    None
b - Searing Ray           Conj           ######       1%          2    None
c - Sandblast             Erth           ##....       7%          1    None
d - Foxfire               Conj/Fire      ####         1%          1    None
e - Sticky Flame          Conj/Fire      #####...     3%          4    #......

Your spell library contained the following spells:

 Spells                   Type           Power        Failure   Level  Hunger
 Dazzling Flash           Conj/Hex       #####.       3%          3    None
 Fulminant Prism          Conj/Hex       #####.....   11%         4    #......
 Iskenderun's Mystic Bla  Conj/Tloc      #####...     11%         4    #......


Dungeon Overview and Level Annotations

Branches:
Dungeon (10/15)            Temple (1/1) D:5         Ossuary (visited)
 Bailey (visited)
   Lair: D:8-11         Orc: D:9-12

Altars:
Ashenzari
Cheibriados
Dithmenos
Elyvilon
Fedhas
Gozag
Hepliaklqana
Kikubaaqudgha
Makhleb
Nemelex Xobeh
Okawaru
Qazlal
Ru
Sif Muna
Trog
Uskayaw
Vehumet
Wu Jian
Xom
Yredelemnul
Zin
The Shining One
Jiyva

Shops:
D:5 *


Innate Abilities, Weirdness & Mutations

You can breathe blasts of scalding, opaque steam.
Your pale cyan-grey scales are hard. (AC +7)
You cannot fit into any form of body armour.
You are cold-blooded and may be slowed by cold attacks.


Message History

The searing ray hits the cyan ugly thing.
The cyan ugly thing is heavily wounded.
The searing ray hits the hippogriff!
The hippogriff is heavily wounded.
You finish channeling your searing ray.
The cyan ugly thing engulfs you!
* * * LOW HITPOINT WARNING * * *
The cyan ugly thing shocks you!
* * * LOW HITPOINT WARNING * * *
Casting: Searing Ray (safe; 1% risk of failure)
Confirm with . or Enter, or press ? or * to list all spells.
Aiming: Sticky Flame (dangerous; 3% risk of failure)
Press: ? - help, Shift-Dir - straight line, f/p - cyan ugly thing
Aim: a cyan ugly thing (heavily wounded, very poisoned)
The sticky flame hits the cyan ugly thing!
The cyan ugly thing is severely wounded.
The cyan ugly thing is covered in liquid flames!
The cyan ugly thing burns!
The cyan ugly thing engulfs you.
* * * LOW HITPOINT WARNING * * *
The cyan ugly thing shocks you!
You die...

#.#####...###.##...
#.......####.......
#......## #.#.#...
#.....######.#.###.
###............##..
........######.......#
..####.##<......######
####....##..###
#Hu@....##.##
.[.....#####....#
...(.....# #...##
......##.. #....#
....## #.##..#.## ...#
#..#..#..## .##
#....##..#
###..(###.## #.....#
#..######


You could see a cyan ugly thing (burning, very poisoned) and a hippogriff.

Vanquished Creatures
  A troll (D:9)
  A hornet (D:7)
  A wyvern (D:9)
  3 humans (D:9)
  A wraith (D:10)
  4 hogs (D:9)
  3 vampire mosquitoes (D:8)
  A water moccasin (D:8)
  8 orc warriors
  2 phantoms
  4 ogres
  3 sky beasts
  A necrophage (D:10)
  3 centaurs
  5 bullfrogs
  2 elf skeletons (D:4)
  A wyvern skeleton (D:9)
  A scorpion (D:4)
  7 water moccasin zombies (Ossuary)
  6 killer bees (D:9)
  5 electric eels (D:7)
  4 wights (D:7)
  2 crimson imps
  A centaur zombie (D:5)
  A quasit (D:7)
  3 centaur skeletons
  8 orc priests
  7 orc wizards
  4 hounds
  3 jellies
  4 human skeletons (D:4)
  2 iguanas
  Jessica (D:3)
  Natasha (thrice) (D:2)
  3 worker ants
  2 killer bee zombies
  Terence (D:2)
  2 mummies (Ossuary)
  7 gnolls
  A howler monkey skeleton (D:5)
  8 adders
  2 shadow imps
  3 adder skeletons
  8 adder zombies
  2 worms (D:4)
  A dart slug (D:2)
  6 leopard geckos
  27 orcs
  A ball python (D:6)
  6 giant cockroaches
  A gnoll zombie (Ossuary)
  2 hobgoblins
  19 jackals
  19 kobolds
  3 quokkas
  7 bats
  8 frilled lizards
  7 goblins
  3 hobgoblin zombies (Ossuary)
  6 kobold zombies (Ossuary)
  A leopard gecko zombie (D:5)
  5 orc zombies (Ossuary)
  3 rats
270 creatures vanquished.

Vanquished Creatures (others)
  314 foxfires
314 creatures vanquished.

Grand Total: 584 creatures vanquished

Notes
Turn   | Place    | Note
-------+----------+-------------------------------------------
     0 | D:1      | funkygono the Draconian Conjurer began the quest for the
                  | Orb.
     0 | D:1      | Reached XP level 1. HP: 14/14 MP: 3/3
   345 | D:1      | Reached XP level 2. HP: 18/20 MP: 0/5
   416 | D:1      | Learned a level 2 spell: Searing Ray
  1101 | D:2      | Reached XP level 3. HP: 26/26 MP: 1/6
  1211 | D:2      | Noticed an angel
  1212 | D:2      | Found a glowing silver altar of Zin.
  1212 | D:2      | Found a shimmering altar of Xom.
  1292 | D:2      | Noticed Natasha
  1306 | D:2      | Killed Natasha
  1306 | D:2      | Reached skill level 5 in Conjurations
  1503 | D:2      | Noticed Natasha
  1523 | D:2      | Killed Natasha
  1523 | D:2      | Reached XP level 4. HP: 12/33 MP: 2/7
  1874 | D:2      | Noticed Terence
  1879 | D:2      | Killed Terence
  2063 | D:2      | Reached XP level 5. HP: 38/38 MP: 6/9
  2261 | D:2      | Noticed Natasha
  2265 | D:2      | Killed Natasha
  2504 | D:3      | Noticed Jessica
  2507 | D:3      | Killed Jessica
  3108 | D:4      | Found an opulent altar of Gozag.
  3216 | D:4      | Reached XP level 6. HP: 39/45 MP: 0/10
  3478 | D:4      | Found a sparkling altar of Nemelex Xobeh.
  3479 | D:4      | Found an ornate altar of the Wu Jian Council.
  3480 | D:4      | Found a burning altar of Makhleb.
  3656 | D:4      | Reached skill level 1 in Short Blades
  3695 | D:4      | Found a sand-covered staircase.
  3712 | Ossuary  | Entered an ossuary
  3793 | Ossuary  | Reached skill level 1 in Fighting
  3797 | Ossuary  | Your scales start taking on a pale cyan-grey colour.
  3797 | Ossuary  | Reached XP level 7. HP: 48/52 MP: 0/12
  5091 | D:4      | Reached XP level 8. HP: 62/62 MP: 6/14
  5272 | D:5      | Entered Level 5 of the Dungeon
  5286 | D:5      | Found an ancient bone altar of Kikubaaqudgha.
  5290 | D:5      | Found Imeim's General Store.
  5638 | D:5      | Found a white marble altar of Elyvilon.
  6009 | D:5      | Found an ancient bone altar of Kikubaaqudgha.
  6010 | D:5      | Found a blossoming altar of Fedhas.
  6079 | D:5      | Found a staircase to the Ecumenical Temple.
  6084 | Temple   | Entered the Ecumenical Temple
  6162 | Temple   | Became a worshipper of Vehumet
  6628 | D:6      | Reached skill level 5 in Spellcasting
  7381 | D:7      | Reached * piety under Vehumet
  7381 | D:7      | Offered knowledge of Sandblast by Vehumet.
  7381 | D:7      | Reached XP level 9. HP: 69/69 MP: 8/17
  7775 | D:7      | Learned a level 1 spell: Sandblast
  7935 | D:7      | Found a glowing golden altar of the Shining One.
  8215 | D:7      | Found a stormy altar of Qazlal.
  8490 | D:8      | Offered knowledge of Foxfire by Vehumet.
  8493 | D:8      | Learned a level 1 spell: Foxfire
  8614 | D:8      | Reached skill level 5 in Dodging
  8813 | D:8      | Reached ** piety under Vehumet
  8824 | D:8      | Found a flagged portal.
  8836 | Bailey   | Entered a bailey
  8930 | Bailey   | Identified the +0 scale mail of Xeckoxti {MP+9 Slay-5
                  | Stlth+}
  9133 | Bailey   | Reached skill level 1 in Fire Magic
  9133 | Bailey   | Reached XP level 10. HP: 77/77 MP: 10/21
  9409 | Bailey   | Identified a +1 pair of boots of running (You found it in a
                  | bailey)
 10044 | D:8      | Offered knowledge of Inner Flame by Vehumet.
 10242 | D:8      | Identified a scroll of acquirement
 10506 | D:9      | Reached *** piety under Vehumet
 10840 | D:9      | Found an iron altar of Okawaru.
 11023 | D:9      | Offered knowledge of Sticky Flame by Vehumet.
 11029 | D:9      | Learned a level 4 spell: Sticky Flame
 11269 | D:9      | Found a shimmering blue altar of Sif Muna.
 11524 | D:10     | Entered Level 10 of the Dungeon
 11580 | D:10     | Reached skill level 10 in Conjurations
 11587 | D:10     | Reached skill level 10 in Spellcasting
 11805 | D:10     | Reached skill level 5 in Fire Magic
 11888 | D:10     | Found a portal to a secret trove of treasure.
 11897 | Trove    | Entered a treasure trove
 11902 | Trove    | Found the macabre finger necklace {rN+}
 11907 | Trove    | Got an ancient golden ring
 11909 | Trove    | Got a fine steel ring
 11913 | Trove    | Got a translucent ruby amulet
 11915 | Trove    | Got a slimy jade ring
 11935 | Trove    | Got a warped iron amulet
 11959 | Trove    | Identified the amulet of Hisawn {Acrobat rF+} (You found it
                  | in a treasure trove)
 11963 | Trove    | Identified the ring of Leur {*Corrode rN+ MP+9 Int+6} (You
                  | found it in a treasure trove)
 11965 | Trove    | Identified the ring "Guwamor" {rF+ rN+ MR+ Str-3 Stlth+}
                  | (You found it in a treasure trove)
 11991 | Trove    | Identified the amulet "Cehocwui" {Reflect Str+4 Dex+7 SH+5}
                  | (You found it in a treasure trove)
 11993 | Trove    | Identified the ring of Fahaureo {rCorr Dex+4} (You found it
                  | in a treasure trove)
 11994 | Trove    | Acquired the +3 warlock's mirror {reflect}
 11995 | Trove    | Found the +3 warlock's mirror {reflect}
 12023 | Trove    | Got a scorched granite ring
 12075 | Trove    | Identified the ring "Zosonel" {+Fly rF++ Str+5} (You found
                  | it in a treasure trove)
 12192 | D:10     | Noticed a cyan ugly thing
 12202 | D:10     | Mangled by a cyan ugly thing

Illustrated notes

Levels and vault maps discovered:
D:1:      dpeg_arrival_arbitrary_a, layout_basic
D:2:      layout_rooms, grunt_temple_overflow_order_and_chaos_1,
          minmay_distorted, uniq_terence, uniq_natasha
D:3:      layout_rooms, first_ration, minmay_misc_feat_tower, uniq_jessica
D:4:      layout_gridville, nicolae_gozag_cash_rules_everything_around_me,
          chequers_temple_overflow_statue_of_worship, gup_sewer_entry_bowl,
          nicolae_ossuary_entry_catacombs
D:5:      layout_basic, grunt_temple_overflow_growth_and_decay,
          elyvilon_altar_5, minmay_temple_entry_nine_rooms, serial_shops,
          nicolae_shop_statue_plus, basic_altar
D:6:      layout_basic
D:7:      layout_cave_pools, grunt_qazlal_clouds, nicolae_tso_carved_into_rock,
          serial_bayou, serial_bayou_ford_a, serial_bayou_pond_b,
          serial_bayou_pond_e, serial_bayou_crossing, serial_bayou_pond_c
D:8:      layout_layer_cave, enter_bailey_6
D:9:      layout_loops_ring, led_sif_pool, okawaru_humans, grunt_livestock
D:10:     layout_rooms, enter_trove_1
Temple:   pf_slime_end_temple

Skill      XL: |  1  2  3  4  5  6  7  8  9 10 |
---------------+-------------------------------+-----
Conjurations   | 5 6 7 9 10 | 10.1
Dodging        | 2 3 4 5 |  5.6
Stealth        | 2 3 |  3.8
Spellcasting   | 3 4 5 7 10 | 10.2
Short Blades   | 1 3 4 |  4.8
Fighting       | 1 2 3 |  3.5
Fire Magic     | 1 5 |  5.1
Earth Magic    | |  0.5

Action                   |  1- 3 |  4- 6 |  7- 9 | 10-12 || total
-------------------------+-------+-------+-------+-------++-------
Melee: Unarmed           |    20 |       |       |       ||    20
       Dagger            |    10 |    52 |    85 |    35 ||   182
       Tailslap          |       |    11 |     8 |     5 ||    24
 Cast: Magic Dart        |    40 |    52 |   137 |     3 ||   232
       Searing Ray       |     5 |    14 |    61 |    17 ||    97
       Foxfire           |       |       |    64 |   142 ||   206
       Sandblast         |       |       |     2 |       ||     2
       Sticky Flame      |       |       |       |     9 ||     9
 Abil: Breathe Steam     |       |       |     2 |       ||     2
  Use: Scroll            |     4 |     7 |     6 |     6 ||    23
       Potion            |       |     1 |     3 |     1 ||     5
  Eat: Chunk             |     1 |    10 |    10 |     9 ||    30
       Ration            |       |       |     2 |       ||     2
Armor: Skin              |    30 |    37 |    51 |    36 ||   154
Dodge: Dodged            |    43 |    43 |   165 |    89 ||   340
